 Dungeon Crawl Stone Soup version 0.18-a0-1195-g77a4f03 (webtiles) character file.

34 Kidiri the Conjurer (level 3, -9/20 HPs)
             Began as a Deep Elf Conjurer on Jan 29, 2016.
             Killed from afar by Sigmund (14 damage)
             ... with a puff of flame
             ... on level 2 of the Dungeon.
             The game lasted 00:03:15 (1288 turns).

Kidiri the Conjurer (Deep Elf Conjurer)             Turns: 1288, Time: 00:03:15

Health: -9/20      AC:  2    Str:  5    XL:     3   Next: 14%
Magic:  3/9        EV: 13    Int: 20    God:
Gold:   73         SH:  0    Dex: 15    Spells: 3 memorised, 2 levels left

rFire  . . .     SeeInvis .     h - +1 dagger (venom)
rCold  . . .     Gourm    .     a - +0 robe
rNeg   . . .     Faith    .     (no shield)
rPois  .         Spirit   .     (no helmet)
rElec  .         Dismiss  .     (no cloak)
rCorr  +         Reflect  .     (no gloves)
SustAt .         Harm     .     (no boots)
MR     .....                    (no amulet)
Stlth  ++........               (no ring)
                                e - ring of resist corrosion

@: not resistant to hostile enchantments, unstealthy
A: no striking features
a: no special abilities


You were on level 2 of the Dungeon.
You were not hungry.

You visited 1 branch of the dungeon, and saw 2 of its levels.

You collected 73 gold pieces.

Inventory:

Hand Weapons
 h - a +1 dagger of venom (weapon)
Missiles
 m - a throwing net (quivered)
Armour
 a - a +0 robe (worn)
Jewellery
 e - a ring of resist corrosion (left hand)
Scrolls
 d - a scroll of magic mapping {unknown}
 j - a scroll of random uselessness {unknown}
 k - a scroll of identify {unknown}
 n - a scroll of noise {unknown}
 o - a scroll of amnesia {unknown}
Potions
 i - a potion of flight {unknown}
 l - a potion of poison {unknown}
Books
 b - a book of Conjurations

   Spells                             Type                      Level
   a - Magic Dart                     Conjuration                  1
   b - Searing Ray                    Conjuration                  2
   c - Dazzling Spray                 Conjuration/Hexes            3
   d - Fulminant Prism                Conjuration/Hexes            4
   e - Iskenderun's Mystic Blast      Conjuration                  4
   f - Iskenderun's Battlesphere      Conjuration/Charms           5
Comestibles
 c - a bread ration
 f - a beef jerky
 g - 3 chunks of flesh


   Skills:
 + Level 0.4 Fighting
 + Level 0.5 Armour
 * Level 3.3 Dodging
 + Level 2.6 Stealth
 * Level 3.4 Spellcasting
 * Level 4.5 Conjurations
 + Level 0.0 Hexes


You had 2 spell levels left.
You knew the following spells:

 Your Spells              Type           Power        Failure   Level  Hunger
a - Magic Dart            Conj           ###.         2%          1    None
b - Searing Ray           Conj           ###...       3%          2    ##.....
c - Dazzling Spray        Conj/Hex       ##......     17%         3    ###....


Dungeon Overview and Level Annotations

Branches:
Dungeon (2/15)

Altars:
Gozag

Annotations:
D:2 Sigmund


Message History

Casting: Dazzling Spray
Confirm with . or Enter, or press ? or * to list all spells.
You don't have enough magic to cast that spell.
Unknown command.
Unknown command.
You closely miss Sigmund.
Sigmund is moderately wounded.
The giant gecko closely misses you.
Unknown command.
You barely miss Sigmund.
Sigmund is moderately wounded.
Sigmund is no longer blind.
Sigmund casts a spell at you. The magic dart hits you!
The giant gecko bites you.
* * * LOW HITPOINT WARNING * * *
Unknown command.
Sigmund gestures at you while chanting. The puff of flame hits you!
Ouch! That really hurt!
You die...

......)..# #.# ###
#........# ..##...
#.....#(.# # ..>..#
#.#..##..####. .....##
.###..<....... .......
..#......#.##.. ..!..##
#..#.##.)#.##..###l......
#..... ..#.....)..@.#
####.. #.####.##@####
......# .# #.# #####.# ..
#.# .# ### ####.###
#......# # #.##.#.# #
#....#.# # #.####.# #
#.####.#


You could see Sigmund and a giant gecko.

Vanquished Creatures
  A worm (D:2)
  3 giant geckos
  6 bats
  4 goblins
  A hobgoblin (D:1)
  2 jackals (D:1)
  6 kobolds
  A ball python (D:1)
  2 giant newts
  A rat (D:1)
27 creatures vanquished.

Notes
Turn   | Place    | Note
--------------------------------------------------------------
     0 | D:1      | Kidiri the Deep Elf Conjurer began the quest for the Orb.
     0 | D:1      | Reached XP level 1. HP: 10/10 MP: 6/6
   315 | D:1      | Reached XP level 2. HP: 15/15 MP: 6/8
   319 | D:1      | Learned a level 2 spell: Searing Ray
   949 | D:2      | Found an opulent altar of Gozag.
  1093 | D:2      | Reached XP level 3. HP: 19/19 MP: 1/9
  1098 | D:2      | Learned a level 3 spell: Dazzling Spray
  1278 | D:2      | Noticed Sigmund
  1288 | D:2      | Killed from afar by Sigmund

Vault maps used:
D:1:      minmay_arrival_widening_spiral_wide
D:2:      old_standard_altar, uniq_sigmund

Action                   || total
-------------------------++-------
Melee: Dagger            ||     3
 Cast: Magic Dart        ||    52
       Dazzling Spray    ||     1
  Eat: Chunk             ||     1
